 Dungeon Crawl Stone Soup version 0.31.0-32-g396128a36d (webtiles) character file.

Game seed: 5199512074993912274

332 spaghetti the Vexing (level 6, -2/49 (51) HPs)
             Began as a Naga Hexslinger on Apr 1, 2024.
             Slain by Dowan
             ... wielding a +2 dagger of draining
              (4 damage)
             ... on level 4 of the Dungeon.
             The game lasted 00:07:15 (3228 turns).

spaghetti the Vexing (Naga Hexslinger)              Turns: 3228, Time: 00:07:16

HP:   -2/49 (51)    AC:  3    Str:  9    XL:     6   Next: 52%
MP:   1/10          EV: 10    Int: 14    God:
Gold: 148           SH:  5    Dex: 18    Spells: 3/11 levels left

rFire   . . .        a - +1 sling
rCold   . . .        (no shield)
rNeg    . . .        c - +0 robe
rPois   +            (no helmet)
rElec   .            (no cloak)
rCorr   .            (no gloves)
SInv    +            (no barding)
Will    .....        g - amulet of reflection
Stlth   ++           e - ring of flight
HPRegen 0.28/turn    (no ring)
MPRegen 0.12/turn

%: reflection
@: short of breath, weak-willed, flying, lightly drained, inugami summoned, very
slow
A: AC +2, large, see invisible, deformed body, poison resistance, slowness 2,
spit poison 1, naga tail 1, agile 1, MP-powered wands
a: Spit Poison


You were on level 4 of the Dungeon.
You visited 1 branch of the dungeon, and saw 4 of its levels.

You collected 148 gold pieces.

Inventory:

Hand Weapons
 a - a +1 sling (weapon)
 h - a +4 short sword
Armour
 c - a +0 robe (worn)
Jewellery
 e - a ring of flight (left hand)
 g - an amulet of reflection (around neck)
Scrolls
 d - a scroll of amnesia


   Skills:
 - Level 1.0 Fighting
 + Level 4.2 Ranged Weapons
 - Level 1.5 Dodging
 + Level 3.0 Spellcasting
 + Level 4.5 Hexes
 - Level 1.0 Fire Magic


You had 3 spell levels left.
You knew the following spells:

 Your Spells              Type           Power      Damage    Failure   Level
a - Jinxbite              Hex            28%        N/A       4%          2
b - Inner Flame           Hex/Fire       9%         N/A       21%         3
c - Call Canine Familiar  Summ           2%         N/A       54%         3

Your spell library contained the following spells:

 Spells                   Type           Power      Damage    Failure   Level
 Sigil of Binding         Hex            14%        N/A       10%         3
 Dazzling Flash           Conj/Hex       16%        N/A       26%         3
 Volatile Blastmotes      Fire/Tloc      6%         2d10      45%         3
 Cause Fear               Hex            7%         N/A       32%         4
 Dimensional Bullseye     Hex/Tloc       4%         N/A       63%         4
 Vhi's Electric Charge    Tloc/Air       4%         N/A       91%         4
 Arcjolt                  Conj/Air       1%         1d11      99%         5
 Plasma Beam              Fire/Air       1%         2x1d11    100%        6
 Starburst                Conj/Fire      1%         6d3       100%        6
 Maxwell's Capacitive Co  Air            1%         ∞         100%        8


Dungeon Overview and Level Annotations

Branches:
Dungeon (4/15)
 Temple: D:4-7

Altars:

Shops:
D:2 [

Annotations:
D:4 Dowan, Eustachio


Innate Abilities, Weirdness & Mutations

Your serpentine skin is tough. (AC +2)
You have supernaturally acute eyesight. (SInv)
Armour fits poorly on your strangely shaped body.
Your system is resistant to poisons. (rPois)
You cover ground very slowly.
You can spit poison.
You have a snake-like lower body.
You are agile. (Dex +4, Str/Int -1)
You expend magic power (3 MP) to strengthen your wands.


Message History

Dowan is almost dead.
Dowan hits you with a +2 dagger of draining.
You feel drained.
Dowan hits you with a +2 dagger of draining!
You feel drained.
Aiming: Spit Poison (1% risk of failure)
Press: ? - help, Shift-Dir - straight line, f/p - Dowan
Aim: Dowan, wielding a +2 dagger of draining and wearing a +0 robe (almost dead, fast, 45% to hit)
The splash of poison hits Dowan.
Dowan is almost dead.
Dowan says, "How can I live without her?"
Dowan gestures wildly while chanting.
Dowan blinks!
Unknown command.
Unknown command.
Unknown command.
Fire: a) +1 sling
Press: ? - help, Q - select action, (/) - cycle Shift-Dir - straight line, f/p - Dowan
Aim: Dowan, wielding a +2 dagger of draining and wearing a +0 robe (almost dead, fast, 51% to hit)
You shoot a sling bullet. The sling bullet closely misses Dowan.
Dowan mumbles some strange words.
Dowan blinks!
Unknown command.
Unknown command.
Unknown command.
Casting: Jinxbite (safe; 4% risk of failure)
Confirm with . or Enter, or press ? or * to list all spells.
You call for your canine familiar and it appears with a howl!
Dowan casts a spell at you. The shard of ice hits you!!
* * * LOW HITPOINT WARNING * * *
Okay, then.
You aren't carrying any potions.
Okay, then.
You shoot a sling bullet.
The sling bullet hits Dowan but does no damage.
Dowan is almost dead.
You block Dowan's attack.
Dowan hits you with a +2 dagger of draining.
You die...

### #.##### #<....#
#.########
#........##
######h.@.# #####
#.#e.# ######...
#.#.)# ....##.##
#.#..# ........
.....> ....##.#
#.#....
...†##.####........##
...................#
....#.<##....)###...


You could see Dowan (fast, ally target) and a friendly inugami (summoned).

Vanquished Creatures
  Duvessa (D:4)
  A bombardier beetle (D:3)
  A jelly (D:4)
  An iguana (D:4)
  Robin (D:2)
  3 adders
  A river rat (D:3)
  A dart slug (D:4)
  4 ribbon worms
  An orc (D:3)
  4 endoplasms
  4 giant cockroaches
  10 goblins
  11 hobgoblins
  4 jackals (D:1)
  4 kobolds
  A quokka (D:2)
  4 ball pythons
  7 bats
  3 frilled lizards
  5 rats
72 creatures vanquished.

Vanquished Creatures (collateral kills)
  A giant cockroach (D:3)
  2 goblins (D:3)
  A hobgoblin (D:3)
4 creatures vanquished.

Grand Total: 76 creatures vanquished

Notes
Turn   | Place    | Note
-------+----------+-------------------------------------------
     0 | D:1      | spaghetti the Naga Hexslinger began the quest for the Orb.
     0 | D:1      | Reached XP level 1. HP: 18/18 MP: 2/2
    14 | D:1      | Found a faded altar of an unknown god.
   103 | D:1      | Reached XP level 2. HP: 25/25 MP: 3/3
   707 | D:1      | Reached XP level 3. HP: 23/31 MP: 4/4
   717 | D:1      | Learned a level 2 spell: Jinxbite
  1048 | D:2      | Found Niur's Antique Armour Emporium.
  1339 | D:2      | Reached XP level 4. HP: 38/38 MP: 3/6
  1343 | D:2      | Learned a level 3 spell: Inner Flame
  1664 | D:3      | Noticed Robin
  1675 | D:2      | Killed Robin
  1883 | D:3      | Reached XP level 5. HP: 44/44 MP: 4/7
  1979 | D:3      | Learned a level 3 spell: Call Canine Familiar
  2973 | D:4      | Noticed a nameless horror
  3015 | D:4      | Noticed a lemure
  3017 | D:4      | Noticed a lemure
  3017 | D:4      | Noticed a lemure
  3018 | D:4      | Noticed a lemure
  3027 | D:4      | Gained mutation: You expend magic power (3 MP) to
                  | strengthen your wands. [potion of mutation]
  3027 | D:4      | Gained mutation: You are agile. (Dex +4, Str/Int -1)
                  | [potion of mutation]
  3028 | D:4      | Noticed Eustachio
  3179 | D:4      | Noticed Dowan
  3179 | D:4      | Noticed Duvessa
  3198 | D:4      | Killed Duvessa
  3199 | D:4      | Reached XP level 6. HP: 51/51 MP: 2/10
  3227 | D:4      | HP: 2/49 [Dowan/shard of ice (21)]
  3228 | D:4      | Slain by Dowan

Illustrated notes

Levels and vault maps discovered:
D:1:      spicycebolla_green_bress_n_ham_2, layout_basic,
          shapermc_ecumenical_altar_acropolis, corner_web_ring,
          minmay_misc_feat_diagonals, st_stairs_14, palyth_stone_intersect
D:2:      layout_basic, serial_shops, shop, minmay_hedge_maze,
          hangedman_abyss_or_decor_lesser_grid
D:3:      layout_loops_cross, lightli_sewer_entry_pipes, eino_curves_03,
          uniq_robin
D:4:      layout_basic, minivault_23, nrook_loot_triangle, uniq_blork_the_orc,
          uniq_duvessa, uniq_eustachio, uniq_pikel

Skill      XL: |  1  2  3  4  5 |
---------------+----------------+-----
Ranged Weapons | 2 3 4 |  4.2
Spellcasting   | 3 |  3.0
Hexes          | 4 |  4.5
Fighting       | |  1.0
Dodging        | |  1.5
Fire Magic     | |  1.0

Action                     |  1- 3 |  4- 6 || total
---------------------------+-------+-------++-------
   Fire: Sling             |   119 |   143 ||   262
   Cast: Jinxbite          |     3 |    14 ||    17
         Call Canine Famil |       |     7 ||     7
         Inner Flame       |       |     1 ||     1
Ability: Spit Poison       |     1 |     4 ||     5
    Use: Scroll            |     2 |     7 ||     9
         Potion            |       |     5 ||     5
 Armour: Robe              |    34 |    62 ||    96
         Skin              |       |     2 ||     2
  Dodge: Dodged            |    36 |    52 ||    88
  Block: Other             |       |    22 ||    22
         Reflection        |       |     1 ||     1
